[Event "Spring NYC Norms GM-A 2025"]
[Site "New York"]
[Date "2025.03.30"]
[Round "6.1"]
[White "Gauri, Shankar"]
[Black "Barbosa, Oliver"]
[Result "1/2-1/2"]
[Annotator "RC"]
[ECO "A30"]
[WhiteElo "2348"]
[BlackElo "2425"]
[PlyCount "32"]
[EventDate "2025.03.26"]
[EventType "tourn"]
[EventCountry "USA"]
[SourceTitle "playchess.com"]
[Source "ChessBase"]
[SourceQuality "1"]
[TimeControl "5400+30"]

1. Nf3 Nf6 2. g3 b6 3. Bg2 Bb7 4. O-O e6 5. c4 c5 6. d4 cxd4 7. Qxd4 Be7 8. Nc3 d6 9. Bg5 O-O 10. Rfd1 Nbd7 11. Nb5 d5 12. cxd5 Bxd5 13. Nc3 Bc6 14. Ne5 Bxg2 15. Nxd7 Nxd7 16. Qxd7 Bxg5 1/2-1/2

[Event "Spring NYC Norms GM-A 2025"]
[Site "New York"]
[Date "2025.03.30"]
[Round "6.1"]
[White "Lin, Bryan Enming"]
[Black "Johnson, Donald"]
[Result "*"]
[Annotator "RC"]
[ECO "A30"]
[WhiteElo "2326"]
[BlackElo "2326"]
[PlyCount "26"]
[EventDate "2025.03.26"]
[EventType "tourn"]
[EventCountry "USA"]
[SourceTitle "playchess.com"]
[Source "ChessBase"]
[SourceQuality "1"]
[TimeControl "5400+30"]

1. Nf3 Nf6 2. g3 b6 3. Bg2 Bb7 4. O-O e6 5. c4 c5 6. d4 cxd4 7. Qxd4 Be7 8. Nc3 d6 9. Bg5 O-O 10. Rfd1 Nbd7 11. Nb5 d5 12. cxd5 Bxd5 13. Nc3 Bc6 *

[Event "Spring NYC Norms GM-A 2025"]
[Site "New York"]
[Date "2025.03.30"]
[Round "6.2"]
[White "Raja Harshit"]
[Black "Sheehan, Ethan"]
[Result "*"]
[Annotator "RC"]
[ECO "B22"]
[WhiteElo "2474"]
[BlackElo "2363"]
[PlyCount "25"]
[EventDate "2025.03.26"]
[EventType "tourn"]
[EventCountry "USA"]
[SourceTitle "playchess.com"]
[Source "ChessBase"]
[SourceQuality "1"]
[TimeControl "5400+30"]

1. e4 c5 2. Nf3 e6 3. c3 Nf6 4. e5 Nd5 5. a3 d6 6. d4 cxd4 7. c4 Nb6 8. Bg5 Be7 9. Bxe7 Qxe7 10. exd6 Qxd6 11. Qxd4 Qxd4 12. Nxd4 Ke7 13. Nc3 *

[Event "Spring NYC Norms GM-A 2025"]
[Site "New York"]
[Date "2025.03.30"]
[Round "6.2"]
[White "Putnam, Liam"]
[Black "Adewumi, Tanitoluwa"]
[Result "1-0"]
[Annotator "RC"]
[ECO "B22"]
[WhiteElo "2411"]
[BlackElo "2362"]
[PlyCount "107"]
[EventDate "2025.03.26"]
[EventType "tourn"]
[EventCountry "USA"]
[SourceTitle "playchess.com"]
[Source "ChessBase"]
[SourceQuality "1"]
[TimeControl "5400+30"]

1. e4 c5 2. Nf3 e6 3. c3 Nf6 4. e5 Nd5 5. a3 d6 6. d4 cxd4 7. c4 Nb6 8. Bg5 Be7 9. Bxe7 Qxe7 10. exd6 Qxd6 11. Qxd4 Qxd4 12. Nxd4 Ke7 13. Nc3 Rd8 14. O-O-O a5 15. c5 Nd5 16. Nf5+ Kf6 17. Ne3 Nc6 18. Nexd5+ exd5 19. Nxd5+ Kg5 20. Bb5 Bf5 21. h4+ Kh6 22. Bxc6 bxc6 23. Ne7 Be6 24. Rxd8 Rxd8 25. Rd1 Rb8 26. Nxc6 Rc8 27. Rd6 a4 28. Kd2 Kh5 29. Kc3 Kxh4 30. Kd4 Kg4 31. Nb4 g5 32. c6 h5 33. Nd5 h4 34. Nb6 Rc7 35. Kc5 Kh5 36. Rd4 Ra7 37. f3 g4 38. fxg4+ Bxg4 39. Nd7 Kg5 40. Kb6 Ra8 41. c7 Rh8 42. Kb7 f5 43. Ne5 Rh7 44. Nxg4 fxg4 45. Kb8 Rh8+ 46. Rd8 Rh6 47. c8=Q Rb6+ 48. Ka7 Rxb2 49. Qc5+ Kf4 50. Qd4+ Kg3 51. Qxb2 Kh2 52. g3+ Kh3 53. Qf2 hxg3 54. Rh8# 1-0

[Event "Spring NYC Norms GM-A 2025"]
[Site "New York"]
[Date "2025.03.30"]
[Round "6.3"]
[White "Paragua, Mark"]
[Black "Stearman, Josiah"]
[Result "*"]
[Annotator "RC"]
[ECO "B90"]
[WhiteElo "2439"]
[BlackElo "2441"]
[PlyCount "41"]
[EventDate "2025.03.26"]
[EventType "tourn"]
[EventCountry "USA"]
[SourceTitle "playchess.com"]
[Source "ChessBase"]
[SourceQuality "1"]
[TimeControl "5400+30"]

1. e4 c5 2. Nf3 d6 3. d4 cxd4 4. Nxd4 Nf6 5. Nc3 a6 6. h3 e5 7. Nb3 Be6 8. f4 b5 9. f5 Bc8 10. Bg5 Nbd7 11. Qf3 Be7 12. a4 b4 13. Bxf6 Nxf6 14. Nd5 Nxd5 15. exd5 O-O 16. O-O-O Qd7 17. Bd3 Qxa4 18. Qe4 f6 19. Kd2 Rb8 20. Ra1 Qd7 21. g4 *

[Event "Spring NYC Norms GM-A 2025"]
[Site "New York"]
[Date "2025.03.30"]
[Round "6.3"]
[White "Lin, Bryan Enming"]
[Black "Johnson, Donald"]
[Result "0-1"]
[Annotator "RC"]
[ECO "B90"]
[WhiteElo "2326"]
[BlackElo "2326"]
[PlyCount "118"]
[EventDate "2025.03.26"]
[EventType "tourn"]
[EventCountry "USA"]
[SourceTitle "playchess.com"]
[Source "ChessBase"]
[SourceQuality "1"]
[TimeControl "5400+30"]

1. e4 c5 2. Nf3 d6 3. d4 cxd4 4. Nxd4 Nf6 5. Nc3 a6 6. h3 e5 7. Nb3 Be6 8. f4 b5 9. f5 Bc8 10. Bg5 Nbd7 11. Qf3 Be7 12. a4 b4 13. Bxf6 Nxf6 14. Nd5 Nxd5 15. exd5 O-O 16. O-O-O Qd7 17. Bd3 Qxa4 18. Qe4 f6 19. Kd2 Rb8 20. Ra1 Qd7 21. g4 Bd8 22. Na5 Bxa5 23. Rxa5 Qa7 24. Qe3 Qc7 25. Rha1 Bb7 26. Be4 Rfc8 27. R5a4 Qc4 28. b3 Qb5 29. Ra5 Qd7 30. R5a4 Qb5 31. Ra5 Qd7 32. h4 Rc3 33. Qb6 Rg3 34. R1a4 Qc8 35. Qxb4 Qc7 36. g5 fxg5 37. hxg5 Rxg5 38. Kc1 Bc8 39. Qd2 Qe7 40. Rb4 Rxb4 41. Qxb4 Bxf5 42. Rxa6 h5 43. Kb2 h4 44. Ra4 Qf6 45. Bxf5 e4+ 46. Ka2 Qxf5 47. Ra8+ Kh7 48. Qb8 Qxd5 49. Qh8+ Kg6 50. Qe8+ Kh7 51. Qh8+ Kg6 52. Qe8+ Kf5 53. Qd7+ Kf4 54. Ra6 Qd2 55. Kb2 Qd4+ 56. Ka2 Qd2 57. Kb2 Qd4+ 58. Ka2 Rg1 59. Qf7+ Qf6 0-1

[Event "Spring NYC Norms GM-A 2025"]
[Site "New York"]
[Date "2025.03.30"]
[Round "6.4"]
[White "Raja Harshit"]
[Black "Sheehan, Ethan"]
[Result "1/2-1/2"]
[Annotator "TA"]
[ECO "C72"]
[WhiteElo "2474"]
[BlackElo "2363"]
[PlyCount "93"]
[EventDate "2025.03.26"]
[EventType "tourn"]
[EventCountry "USA"]
[SourceTitle "playchess.com"]
[Source "ChessBase"]
[SourceQuality "1"]
[TimeControl "5400+30"]

1. e4 e5 2. Nf3 Nc6 3. Bb5 a6 4. Ba4 d6 5. O-O Bd7 6. c4 Bg4 {[%emt 0:00:00] C72: Ruy Lopez: Deferred Steinitz: 5 0-0.} 7. h3 Bxf3 8. Qxf3 Nf6 {[%emt 0:00:00][%cal Bg8f6,Bf6d7,Bd7c5][%mdl 32] White has an edge.} 9. Qb3 $146 (9. d3 Nd7 10. Be3 g6 11. Nc3 Bg7 12. Bxc6 bxc6 13. b4 Nf8 14. a4 Ne6 15. b5 {½-½ Shuvalova,P (2483)-Stefanova,A (2413) Belt and Road Shaoxing 6th 2024 (6)}) 9... Qc8 10. Nc3 Nd7 11. d3 Be7 12. Nd5 ({White should try} 12. Be3 $14) 12... Nc5 13. Qd1 Qd7 14. f4 exf4 15. Bxf4 O-O 16. Be3 Nxa4 17. Qxa4 Rae8 18. Rad1 Bd8 19. c5 Be7 20. Rc1 Rd8 21. Qb3 Rb8 22. Qa4 {[%emt 0:10:02] White has more active pieces.} Rbd8 23. Bf4 Kh8 24. Qb3 (24. Qc4 dxc5 25. Bxc7 Rde8 26. Nxe7 Rxe7 27. Bb6) 24... Nd4 25. Qxb7 {[%emt 0:05:26] [#]} (25. Qd1 {simplifies} Ne6 26. Nxe7 Qxe7 27. cxd6 cxd6 28. Bd2) 25... Ne2+ 26. Kh1 {[%emt 0:01:25] Threatens to win with c6.} dxc5 ({And not} 26... Nxc1 27. c6 Qe6 28. Rxc1 $18 (28. Bxc1 Bh4 $16)) 27. Rc2 Nxf4 28. Nxf4 c6 {[%emt 0:13:08] Black is weak on the light squares} 29. Qxd7 Rxd7 {[%emt 0:00:01] The position is equal.} 30. Rf3 Rfd8 31. Rc3 Bd6 32. g3 g6 33. Kg2 Kg7 34. b3 h5 35. h4 a5 36. Ne2 f6 37. Rc4 Be5 38. Nc1 Bb2 39. Rxc5 Bxc1 40. Rxc1 Rxd3 41. Rxc6 $11 {[%emt 0:00:06][%mdl 4096] Endgame KRR-KRR. White is a pawn up.} Rd2+ 42. Rf2 Rxf2+ 43. Kxf2 Rd2+ 44. Ke3 Rxa2 45. Rc7+ Kf8 46. Kd4 Rg2 47. Rc3 {[%emt 0:01:59] Weighted Error Value: White=0.09 (flawless) /Black=0.05 (flawless)   Mistake:       	White=1     	---        Inaccurate:     	White=2     	Black=2      OK:         	White=20    	Black=21     Best:        	---       	Black=2} 1/2-1/2

[Event "Spring NYC Norms GM-A 2025"]
[Site "New York"]
[Date "2025.03.30"]
[Round "6.4"]
[White "Putnam, Liam"]
[Black "Adewumi, Tanitoluwa"]
[Result "*"]
[Annotator "RC"]
[ECO "C72"]
[WhiteElo "2411"]
[BlackElo "2362"]
[PlyCount "46"]
[EventDate "2025.03.26"]
[EventType "tourn"]
[EventCountry "USA"]
[SourceTitle "playchess.com"]
[Source "ChessBase"]
[SourceQuality "1"]
[TimeControl "5400+30"]

1. e4 e5 2. Nf3 Nc6 3. Bb5 a6 4. Ba4 d6 5. O-O Bd7 6. c4 Bg4 7. h3 Bxf3 8. Qxf3 Nf6 9. Qb3 Qc8 10. Nc3 Nd7 11. d3 Be7 12. Nd5 Nc5 13. Qd1 Qd7 14. f4 exf4 15. Bxf4 O-O 16. Be3 Nxa4 17. Qxa4 Rae8 18. Rad1 Bd8 19. c5 Be7 20. Rc1 Rd8 21. Qb3 Rb8 22. Qa4 Rbd8 23. Bf4 Kh8 *

[Event "Spring NYC Norms GM-A 2025"]
[Site "New York"]
[Date "2025.03.30"]
[Round "6.5"]
[White "Paragua, Mark"]
[Black "Stearman, Josiah"]
[Result "1/2-1/2"]
[Annotator "RC"]
[ECO "B22"]
[WhiteElo "2439"]
[BlackElo "2441"]
[PlyCount "31"]
[EventDate "2025.03.26"]
[EventType "tourn"]
[EventCountry "USA"]
[SourceTitle "playchess.com"]
[Source "ChessBase"]
[SourceQuality "1"]
[TimeControl "5400+30"]

1. e4 c5 2. Nf3 e6 3. c3 Nf6 4. e5 Nd5 5. Bc4 d6 6. d4 cxd4 7. cxd4 Be7 8. O-O O-O 9. Bd2 b6 10. Nc3 Nxc3 11. Bxc3 Ba6 12. Bxa6 Nxa6 13. d5 exd5 14. Qxd5 dxe5 15. Qxd8 Rfxd8 16. Nxe5 1/2-1/2